AoeStats
← Jumpshot

Black Forest

510095897Analyzed
2v2 RM · 2d ago on Sep 29, 2026· 86m 33s· 4 players
Game mode
Random Map
Map size
Medium (4 player)
Population
200
Speed
Normal
Resources
Standard
Victory
Conquest
Starting age
Dark Age
Ending age
Imperial Age
RankedLock teamsTeams togetherTeam positionsShared explorationLock speedFull tech treeHidden civsTurbo modeCheats
Victory
Defeat
🇧🇷 Romans · Brazil
626
+17
🇦🇷 Spanish · Argentina
622
+17
🇮🇹 Celts · Italy
682
-18
🇨🇳 Saxons · China
627
-16
Jumpshot
0:48 Loom
12:08 Feudal Age
12:45 Fishing Lines
14:13 Double-Bit Axe
18:32 Horse Collar
24:38 Castle Age
23:39 Wheelbarrow
23:55 Gold Mining
24:01 Stone Mining
24:25 Fletching
25:53 Bow Saw
25:48 Caravan
25:54 Heavy Plow
26:30 Gold Shaft Mining
26:03 Gillnets
30:09 Hand Cart
29:47 Town Watch
30:25 Pikeman
35:18 Imperial Age
34:30 Scale Barding Armor
34:40 Forging
34:33 Squires
35:13 Husbandry
35:16 Man-at-Arms
35:42 Heavy Scorpion
36:39 Long Swordsman
38:14 Iron Casting
39:54 Ballistas
39:52 Bodkin Arrow
40:23 Legionary
40:33 Elite Skirmisher
45:01 Cavalier
45:14 Halberdier
46:02 Town Patrol
47:06 Blast Furnace
50:33 Comitatenses
60:12 Capped Ram
62:56 Siege Ram
76:23 Ballistics
77:04 Chemistry
76:32 Chain Barding Armor
76:13 Scale Mail Armor
77:29 Conscription
85:14 Fervor
Bambam87607
10:01 Feudal Age
12:09 Double-Bit Axe
12:42 Horse Collar
21:19 Castle Age
20:44 Gold Mining
20:47 Stone Mining
22:03 Pikeman
22:46 Squires
23:02 Scale Mail Armor
26:45 Wheelbarrow
26:05 Town Watch
28:36 Bow Saw
29:19 Scale Barding Armor
29:26 Forging
29:22 Husbandry
30:38 Chain Barding Armor
30:56 Ballistics
30:31 Murder Holes
30:48 Masonry
31:37 Caravan
31:49 Heavy Plow
32:43 Stone Shaft Mining
32:53 Bloodlines
33:25 Hand Cart
34:01 Inquisition
34:14 Town Patrol
39:47 Imperial Age
38:18 Iron Casting
37:34 Fletching
38:01 Chain Mail Armor
37:51 Loom
40:22 Fortified Wall
41:37 Chemistry
40:23 Arrowslits
41:10 Architecture
40:30 Cavalier
43:23 Hoardings
43:12 Supremacy
44:24 Plate Barding Armor
43:46 Bodkin Arrow
44:54 Blast Furnace
45:22 Two-Man Saw
46:26 Bracer
46:57 Plate Mail Armor
46:28 Padded Archer Armor
48:05 Bombard Tower
47:32 Halberdier
48:00 Arson
48:50 Elite Conquistador
51:03 Paladin
51:20 Light Cavalry
79:15 Coinage
Maglors
0:37 Loom
12:19 Feudal Age
13:26 Double-Bit Axe
15:17 Wheelbarrow
19:50 Gold Mining
20:12 Stone Mining
22:50 Castle Age
21:23 Fletching
22:15 Town Watch
22:26 Man-at-Arms
23:52 Horse Collar
25:17 Bow Saw
26:26 Hand Cart
32:11 Imperial Age
29:57 Fortified Wall
31:43 Gambesons
31:46 Arson
32:18 Scale Mail Armor
32:36 Forging
34:05 Long Swordsman
36:45 Gold Shaft Mining
37:03 Iron Casting
36:09 Two-Handed Swordsman
39:26 Chemistry
38:03 Pikeman
39:08 Scale Barding Armor
41:53 Blast Furnace
41:24 Ballistics
41:00 Murder Holes
41:41 Chain Mail Armor
41:40 Cavalier
42:27 Arrowslits
43:08 Bodkin Arrow
44:51 Plate Mail Armor
44:46 Chain Barding Armor
44:28 Stronghold
45:53 Husbandry
45:15 Light Cavalry
47:28 Masonry
47:48 Conscription
48:05 Plate Mail Armor
49:09 Halberdier
53:17 Caravan
58:26 Champion
伐木王
0:38 Loom
13:20 Feudal Age
14:49 Double-Bit Axe
14:46 Horse Collar
15:33 Gold Mining
19:17 Castle Age
22:54 Bow Saw
25:07 Stone Mining
25:59 Gold Shaft Mining
29:08 Treadmill Crane
33:19 Imperial Age
32:04 Wheelbarrow
33:17 Hand Cart
35:09 Two-Man Saw
34:34 Fortified Wall
34:22 Town Watch
34:31 Elite Hearth Troop
35:32 Conscription
34:32 Shield Wall
35:17 Scale Mail Armor
37:35 Caravan
38:23 Heavy Scorpion
38:29 Capped Ram
39:27 Chain Mail Armor
39:23 Forging
40:46 Siege Ram
42:08 Town Patrol
42:43 Plate Mail Armor
42:48 Iron Casting
43:51 Arson
44:07 Squires
67:56 Elite Varangian Guard
68:23 Gambesons
70:36 Onager
Connection lost

Rejoining the realm…

Still unreachable

The connection could not be restored.

Session expired

The server has moved on; the page needs a fresh start.